 Dungeon Crawl Stone Soup version 0.28.0-47-ge53b351184 (webtiles) character file.

Game seed: 5724513669595260552

138 croobank the Sneak (level 5, -3/46 HPs)
             Began as a Draconian Delver on May 6, 2022.
             Slain by Sigmund
             ... wielding a +0 scythe
              (9 damage)
             ... on level 2 of the Dungeon.
             The game lasted 00:08:57 (1886 turns).

croobank the Sneak (Draconian Delver)               Turns: 1886, Time: 00:08:58

Health: -3/46      AC:  6    Str: 15 (16) XL:     5   Next: 1%
Magic:  5/5        EV: 12    Int:  8 (10) God:
Gold:   105        SH:  0    Dex: 13      Spells: 4/4 levels left

rFire   . . .      SeeInvis .   a - +2 whip (elec)
rCold   . . .      Faith    .   (no shield)
rNeg    . . .      Spirit   .   (armour unavailable)
rPois   .          Reflect  .   (helmet restricted)
rElec   .          Harm     .   (no cloak)
rCorr   .          Rampage  .   n - +0 pair of gloves
Will    .....                   (no boots)
Stlth   +.........              j - amulet of the acrobat
HPRegen 0.15/turn               (no ring)
MPRegen 0.09/turn               (no ring)

@: confused, slowed, very slow
A: AC +5, unfitting armour, cold-blooded
a: no special abilities


You were on level 2 of the Dungeon.
You visited 1 branch of the dungeon, and saw 5 of its levels.

You collected 105 gold pieces.

Inventory:

Hand Weapons
 a - a +2 whip of electrocution (weapon)
 b - a +0 hunting sling
 d - a +0 hand axe
 l - a +0 war axe
 m - a +0 broad axe
Missiles
 g - 25 bolts
 q - 30 sling bullets
 s - 26 stones (quivered)
Armour
 n - a +0 pair of gloves (worn)
Magical Staves
 o - a staff of cold
Jewellery
 i - an amulet of reflection
 j - an amulet of the acrobat (around neck)
Wands
 f - a wand of digging (11)
Scrolls
 h - a scroll of enchant armour {unknown}
 k - a scroll of fog
 p - a scroll of immolation {unknown}
 r - a scroll of torment {unknown}
 u - a scroll of noise {unknown}
Potions
 c - a potion of attraction
 e - a potion of haste


   Skills:
 + Level 4.2 Fighting
 + Level 3.0 Axes
 + Level 2.8 Dodging
 + Level 5.1 Stealth


You had 4 spell levels left.
You didn't know any spells.
Your spell library was empty.

Dungeon Overview and Level Annotations

Branches:
Dungeon (5/15)
 Temple: D:4-7

Altars:

Annotations:
D:2 Sigmund
D:3 Grinder


Innate Abilities, Weirdness & Mutations

Your plain brown scales are hard. (AC +5)
You cannot fit into any form of body armour.
You are cold-blooded and may be slowed by cold attacks.


Message History

Sigmund flickers and vanishes!
Deactivating autopickup; reactivate with Ctrl-A.
You miss something.
The endoplasm quivers.
Your tail-slap misses something.
Something hits you!
A goblin comes into view. It is wielding a +0 dagger.
You closely miss something. Something hits you!
You miss something.
The goblin shouts!
You hear an angry hiss. x2
The endoplasm misses you.
You barely miss something.
You hear some strange, mumbled words.
A magic dart appears from out of thin air!
The magic dart hits you! The endoplasm hits you.
You hit something but do no damage.
You hear some strange, mumbled words.
Something tries to affect you, but you resist.
The endoplasm freezes you.
You are frozen.
You feel yourself slow down.
You hit something. You punch something.
You feel yourself speed up. Something hits you but does no damage.
The endoplasm closely misses you. The goblin completely misses you.
You hit something. Something hits you.
* * * LOW HITPOINT WARNING * * *
The endoplasm freezes you.
You are frozen.
* * * LOW HITPOINT WARNING * * *
You feel yourself slow down. The goblin hits you but does no damage.
Okay, then.
Okay, then.
The endoplasm misses you.
You hear some strange, mumbled words.
You are confused.
The endoplasm hits you.
* * * LOW HITPOINT WARNING * * *
Okay, then.
You are too confused!
You closely miss something. Something hits you!
You die...

... #..#.#
#..#.# #..#.# ##
#..#<# ..
###..#.###.###
##....#........
#...$.>........
#.....@g###..##
#.....{J.......
....l....###..##
.#..#...## #
#..##.## ... #.
. #. ..


You could see an endoplasm, a goblin and a frilled lizard.

Vanquished Creatures
  A scorpion (D:4)
  An iguana (D:4)
  An adder (D:4)
  An adder skeleton (D:4)
  2 bats
  4 endoplasms
  A giant cockroach (D:1)
  4 goblins
  8 hobgoblins
  4 jackals (D:1)
  3 kobolds
  4 quokkas
  3 ball pythons
  A frilled lizard (D:1)
  3 rats (D:1)
41 creatures vanquished.

Notes
Turn   | Place    | Note
-------+----------+-------------------------------------------
     0 | D:5      | croobank the Draconian Delver began the quest for the Orb.
     0 | D:5      | Reached XP level 1. HP: 19/19 MP: 1/1
     9 | D:5      | Noticed a howler monkey
    18 | D:5      | Noticed a sky beast
    19 | D:5      | Noticed a hound
    46 | D:4      | Reached XP level 2. HP: 25/26 MP: 2/2
   197 | D:3      | Noticed Grinder
   767 | D:4      | Noticed a scorpion
   774 | D:4      | Killed a scorpion
   775 | D:4      | Reached XP level 3. HP: 33/33 MP: 3/3
   775 | D:4      | Reached XP level 4. HP: 40/40 MP: 4/4
   898 | D:4      | Reached skill level 5 in Stealth
  1710 | D:1      | Reached XP level 5. HP: 46/46 MP: 5/5
  1867 | D:2      | Noticed Sigmund
  1886 | D:2      | Slain by Sigmund

Illustrated notes

Levels and vault maps discovered:
D:1:      dpeg_arrival_orchard, layout_loops_ring, dk_noncrumbling_4
D:2:      layout_loops_ring, ebering_ecumenical_altar_webs, uniq_jessica,
          uniq_sigmund
D:3:      layout_loops_ring, old_standard_altar,
          mainiacjoe_overflow_concentric_impassable, ebering_ghost_rock_garden,
          minivault_11, uniq_crazy_yiuf_cottage, uniq_robin, uniq_grinder
D:4:      layout_basic
D:5:      layout_cave_pools, nicolae_overflow_crystal_walls, marbit_many_paths,
          minmay_temple_entry_waves

Skill      XL: |  1  2  3  4 |
---------------+-------------+-----
Dodging        | 2 |  2.8
Fighting       | 4 |  4.2
Stealth        | 5 |  5.1
Axes           | 3 |  3.0

Action                   |  1- 3 |  4- 6 || total
-------------------------+-------+-------++-------
Melee: Hand axe          |    33 |       ||    33
       Whip              |     6 |    87 ||    93
       Tailslap          |     1 |     5 ||     6
       Punch             |     1 |     1 ||     2
  Use: Scroll            |     4 |       ||     4
       Potion            |     3 |     1 ||     4
 Stab: Sleeping          |     1 |     3 ||     4
Armor: Skin              |    13 |    25 ||    38
Dodge: Dodged            |    24 |    47 ||    71
Block: Other             |     4 |     1 ||     5
